[Event "*** SCC Grand Prix: Titled Tuesday Blitz"]
[Site "Chess.com"]
[Date "2020.06.02"]
[Round "1"]
[White "HarutyunianTigranK"]
[Black "TrenerChos"]
[Result "1-0"]
[WhiteElo "2712"]
[BlackElo "2355"]
[TimeControl "180+1"]
[EndTime "10:06:29 PDT"]
[Termination "HarutyunianTigranK won by checkmate"]

1. c4 Nf6 2. Nc3 c5 3. Nf3 Nc6 4. e3 g6 5. d4 cxd4 6. exd4 d5 7. cxd5 Nxd5 8. Qb3 Nxc3 9. Bc4 e6 10. bxc3 Bg7 11.
Ba3 Na5 12. Bb5+ Bd7 13. Qa4 Nc6 14. Qc2 Rc8 15. O-O Nxd4 16. Nxd4 Bxd4 17. Qa4 Bb6 18. Rad1 Rc6 19. Bxc6 bxc6 20. Rd2 Qg5 21. Rfd1 c5 22. Qxd7+ Kf8 23. c4 Kg7 24. Bb2+ e5 25. Rd5 Rd8 26.
Bxe5+ Kh6 27. Bg7+ Kxg7 28. Rxg5 Rxd7 29. Rxd7 Kf6 30.
Rgd5 h5 31. R5d6+ Ke5 32. Rxb6 axb6 33. Rb7 h4 34. Rxb6 h3 35. gxh3 f5 36. a4 g5 37. a5 f4 38. a6 f3 39. a7 g4 40.
a8=Q gxh3 41. Qd5+ Kf4 42. Rf6+ Kg4 43. Qf5+ Kh4 44. Rh6# 1-0

[Event "*** SCC Grand Prix: Titled Tuesday Blitz"]
[Site "Chess.com"]
[Date "2020.06.02"]
[Round "1"]
[White "PavelShkapenko"]
[Black "Torrentec"]
[Result "1-0"]
[WhiteElo "2640"]
[BlackElo "2303"]
[TimeControl "180+1"]
[EndTime "10:06:29 PDT"]
[Termination "PavelShkapenko won on time"]

1. e4 e5 2. Nf3 Nc6 3. g3 Bc5 4. Bg2 d6 5. O-O Bg4 6. c3 Nge7 7. h3 Bh5 8. b4 Bb6 9. b5 Nb8 10. d4 Nd7 11. Na3 Bg6 12. Re1 O-O 13. Nc4 f6 14. a4 a6 15. Qb3 Bf7 16. a5 axb5 17. Qxb5 Ba7 18. Ne3 Rb8 19. Bd2 exd4 20. cxd4 Nc6 21. Bc3 Re8 22. a6 Rxe4 23. axb7 Nxd4 24.
Nxd4 Bxd4 25. Bxd4 Rxd4 26. Nf5 Rd2 27. Ne7+ Kh8 28.
Nc6 Rxb7 29. Qxb7 Qf8 30. Ra8 1-0

[Event "*** SCC Grand Prix: Titled Tuesday Blitz"]
[Site "Chess.com"]
[Date "2020.06.02"]
[Round "1"]
[White "colegiodemadrid"]
[Black "WIDBIFS"]
[Result "0-1"]
[WhiteElo "2372"]
[BlackElo "2725"]
[TimeControl "180+1"]
[EndTime "10:06:30 PDT"]
[Termination "WIDBIFS won by resignation"]

1. e4 c6 2. d4 d5 3. e5 g6 4. Nf3 Bg7 5. h4 h5 6. c3 Bg4 7. Qb3 b6 8. Be2 Bxf3 9. Bxf3 e6 10. Bg5 Ne7 11. Nd2 Nd7 12. c4 Qc7 13. O-O Nf5 14.
Qd3 O-O 15. cxd5 cxd5 16. Rac1 Qb7 17. Rc3 Rac8 18. Rfc1 Rxc3 19. Rxc3 Rc8 20. Nf1 Rxc3 21. Qxc3 Bf8 22. Ne3 Nxe3 23. fxe3 b5 24. g4 hxg4 25. Bxg4 b4 26. Qd3 Qc6 27. Qb1 Qc4 28. h5 Nxe5 29.
Bd1 Qd3 30. Bc2 Qe2 31. dxe5 Qxh5 32. Kf2 Qxg5 33. Qe1 a5 34. Ke2 Qxe5 35. Qh4 Qxb2 0-1

[Event "*** SCC Grand Prix: Titled Tuesday Blitz"]
[Site "Chess.com"]
[Date "2020.06.02"]
[Round "1"]
[White "Goryachkina"]
[Black "fidezivkovic"]
[Result "1-0"]
[WhiteElo "2599"]
[BlackElo "2256"]
[TimeControl "180+1"]
[EndTime "10:06:30 PDT"]
[Termination "Goryachkina won on time"]

1. e4 c5 2. Nf3 g6 3. c3 Bg7 4. d4 cxd4 5. cxd4 d5 6. e5 Bg4 7. Bb5+ Bd7 8. Bxd7+ Qxd7 9. O-O Nc6 10. Nc3 f6 11.
Bf4 fxe5 12. Nxe5 Nxe5 13. Bxe5 Bxe5 14. dxe5 e6 15. Qg4 Ne7 16. Rad1 O-O 17. Ne4 Kg7 18. Nf6 Qc8 19. Qh4 h6 20. Rc1 Nc6 21. Ng4 h5 22.
Nf6 Qd8 23. Qg5 Nxe5 24. Nxh5+ Kh7 25. Qxe5 gxh5 26. Qxh5+ Kg7 27. Rc3 Rf5 28. Rg3+ Kf8 29. Qh7 1-0

[Event "*** SCC Grand Prix: Titled Tuesday Blitz"]
[Site "Chess.com"]
[Date "2020.06.02"]
[Round "1"]
[White "shineatchess"]
[Black "Benjoneliere44"]
[Result "1-0"]
[WhiteElo "2533"]
[BlackElo "2457"]
[TimeControl "180+1"]
[EndTime "10:06:30 PDT"]
[Termination "shineatchess won by resignation"]

1. e4 c5 2. Nf3 d6 3. Bb5+ Nc6 4. O-O Bd7 5. Re1 Nf6 6. d4 cxd4 7. Nxd4 g6 8. Nc3 Bg7 9. Nb3 O-O 10. a4 Rc8 11.
Nd5 a6 12. Bf1 Nxd5 13. exd5 Nb4 14. c3 Nxd5 15. Qxd5 Be6 16. Rxe6 fxe6 17. Qxe6+ Kh8 18. Be3 Qe8 19. a5 Qf7 20. Qxf7 Rxf7 21. Bd4 Bxd4 22. Nxd4 e5 23. Nf3 Kg7 24. Rd1 Rf6 25. Ng5 Rd8 26.
Ne4 Re6 27. Bc4 Re7 28. Rxd6 Rxd6 29. Nxd6 Rd7 30. Ne8+ Kf8 31. Nf6 Rd1+ 32. Bf1 Rb1 33. b4 Kf7 34. Nd7 Rc1 35. Nxe5+ Ke6 36. Nd3 Rxc3 37.
Nc5+ Kf6 38. Ne4+ 1-0

[Event "*** SCC Grand Prix: Titled Tuesday Blitz"]
[Site "Chess.com"]
[Date "2020.06.02"]
[Round "1"]
[White "Muracle"]
[Black "quesfr"]
[Result "1-0"]
[WhiteElo "2597"]
[BlackElo "2257"]
[TimeControl "180+1"]
[EndTime "10:06:31 PDT"]
[Termination "Muracle won by resignation"]

1. d4 d5 2. c4 e6 3. Nc3 Nf6 4.
cxd5 exd5 5. Bg5 c6 6. e3 Bd6 7. Bd3 O-O 8. Qc2 h6 9. Bh4 Re8 10. Nge2 a5 11. O-O Bxh2+ 12. Kxh2 Ng4+ 13. Kg3 g5 14. Bf5 gxh4+ 15. Kh3 Qg5 16. Bxc8 Rxe3+ 17. fxe3 Nxe3 18.
Qf5 Qxg2+ 19. Kxh4 Nxf5+ 20. Bxf5 Kf8 21. Bg4 Na6 22. Rf3 Re8 23. Raf1 Qh2+ 24. Bh3 Re7 25. Nf4 Ke8 26. R3f2 1-0

[Event "*** SCC Grand Prix: Titled Tuesday Blitz"]
[Site "Chess.com"]
[Date "2020.06.02"]
[Round "1"]
[White "Baronessa08"]
[Black "neurisdr"]
[Result "0-1"]
[WhiteElo "2389"]
[BlackElo "2767"]
[TimeControl "180+1"]
[EndTime "10:06:32 PDT"]
[Termination "neurisdr won by resignation"]

1. c4 b6 2. g3 Bb7 3. Nf3 Nc6 4. Bg2 Nd4 5. e3 Nxf3+ 6. Bxf3 Bxf3 7. Qxf3 g6 8. O-O Bg7 9. d4 Nf6 10. e4 d6 11. e5 Nd7 12. exd6 cxd6 13. Be3 O-O 14.
Nc3 Rc8 15. b3 a6 16. Rac1 Nf6 17. Rfd1 Qc7 18. Bg5 Qa7 19. h4 Rfe8 20. Bxf6 Bxf6 21. h5 Bg7 22. Kg2 b5 23. Ne4 bxc4 24. bxc4 Bxd4 25. hxg6 hxg6 26. Rh1 Bg7 27. Ng5 Qa8 28. Ne4 f5 29. Ng5 Qxf3+ 30. Kxf3 Rc6 31. Ne6 Bf6 32. Rh6 Kf7 33. Nf4 e5 34. Nd5 Bg7 35. Rh4 g5 36.
Rh5 Kg6 37. Rhh1 e4+ 38. Ke2 Rc5 39. Rhd1 Rb8 40. a3 Rb2+ 41. Rd2 Be5 42. Ne7+ Kf6 43. Nd5+ Kf7 44. Nb4 Rxd2+ 45. Kxd2 f4 46. gxf4 Bxf4+ 0-1

[Event "*** SCC Grand Prix: Titled Tuesday Blitz"]
[Site "Chess.com"]
[Date "2020.06.02"]
[Round "1"]
[White "PredragNikac"]
[Black "KNVB"]
[Result "1-0"]
[WhiteElo "2362"]
[BlackElo "2682"]
[TimeControl "180+1"]
[EndTime "10:06:32 PDT"]
[Termination "PredragNikac won on time"]

1. d4 Nf6 2. Bg5 e6 3. e4 h6 4. Bxf6 Qxf6 5. e5 Qd8 6. Bd3 c5 7. dxc5 Bxc5 8. Qe2 Nc6 9. Nf3 d6 10. exd6 Bxd6 11. Nbd2 Qc7 12. Nc4 Be7 13. Nce5 Nxe5 14.
Nxe5 Bb4+ 15. Kf1 Bd6 16. Re1 a6 17. h4 b5 18. Rh3 Bxe5 19. Qxe5 Qxe5 20. Rxe5 Ke7 21.
h5 Rd8 22. Rg3 Kf8 23. f4 Bd7 24. Kf2 Rac8 25. Rge3 Rc6 26. g4 Rdc8 27. g5 f6 28. gxf6 gxf6 29. R5e4 f5 30. Re5 Rd6 31. a3 Kf7 32. Rg3 Rg8 33. Rxg8 Kxg8 34. Re3 Kf8 35. Rg3 Be8 36. Ke3 Bf7 37. b4 Ke7 38. c4 bxc4 39.
Bxc4 Kf6 40. Rh3 Rd8 41. Bxa6 e5 42. fxe5+ Kxe5 43. Be2 f4+ 44. Kf2 Rd2 45. Rc3 Kd4 46.
Rc7 Bxh5 47. Rd7+ 1-0

[Event "*** SCC Grand Prix: Titled Tuesday Blitz"]
[Site "Chess.com"]
[Date "2020.06.02"]
[Round "1"]
[White "Eliwood44"]
[Black "ftorodent"]
[Result "0-1"]
[WhiteElo "2329"]
[BlackElo "2662"]
[TimeControl "180+1"]
[EndTime "10:06:32 PDT"]
[Termination "ftorodent won by checkmate"]

1. d4 f5 2. Bf4 Nf6 3. e3 g6 4. h4 h6 5. Bd3 d6 6. Qf3 Bg7 7. Nc3 Nc6 8. Qg3 Kf7 9. Nf3 Nh5 10.
Qh2 Nxf4 11. exf4 Nxd4 12. Nxd4 Bxd4 13. h5 Bxc3+ 14. bxc3 e6 15. hxg6+ Kg7 16. g4 Qf6 17. Kd2 fxg4 18. Rag1 e5 19. fxe5 dxe5 20. Re1 Bf5 21. Bxf5 Qxf5 22. Rxe5 Qf6 23. Rhe1 Rad8+ 24. Kc1 Rd7 25.
Re6 Qxc3 26. Re7+ Rxe7 27. Rxe7+ Kxg6 28. Rxc7 Qa1+ 29. Kd2 Rd8+ 30. Ke3 Qd4+ 31. Ke2 Qd2+ 32. Kf1 Qd1+ 33. Kg2 Qf3+ 34. Kg1 Rd1# 0-1

[Event "*** SCC Grand Prix: Titled Tuesday Blitz"]
[Site "Chess.com"]
[Date "2020.06.02"]
[Round "1"]
[White "Quattroporte300"]
[Black "Norival"]
[Result "1-0"]
[WhiteElo "2319"]
[BlackElo "2619"]
[TimeControl "180+1"]
[EndTime "10:06:32 PDT"]
[Termination "Quattroporte300 won by resignation"]

1. e4 c5 2. Nf3 e6 3. d4 cxd4 4.
Nxd4 a6 5. Be2 Qc7 6. O-O Nf6 7.
Nc3 b5 8. Bf3 e5 9. Nf5 d6 10. Bg5 Nbd7 11. Qd2 b4 12. Ne2 Bb7 13. Neg3 h6 14. Be3 g6 15. Nxh6 Nc5 16. Ng4 Nxg4 17.
Bxg4 Nxe4 18. Nxe4 Bxe4 19. Qxb4 Qb7 20. Qxb7 Bxb7 21.
f4 f5 22. Be2 Rc8 23. c3 Bh6 24. Rad1 Ke7 25. Rfe1 Rhd8 26. Bf1 Kf6 27. fxe5+ dxe5 28. Bxh6 f4 29. h4 Kf5 30. Bg5 Rxd1 31. Rxd1 e4 32. Rd6 Rc6 33. Rxc6 Bxc6 34. Bxa6 e3 35. Be2 Bd5 36.
b3 Be4 37. b4 Bc2 38. b5 1-0

[Event "*** SCC Grand Prix: Titled Tuesday Blitz"]
[Site "Chess.com"]
[Date "2020.06.02"]
[Round "1"]
[White "Ellaijio_B"]
[Black "fabianvivasz"]
[Result "1-0"]
[WhiteElo "2633"]
[BlackElo "2295"]
[TimeControl "180+1"]
[EndTime "10:06:32 PDT"]
[Termination "Ellaijio_B won by resignation"]

1. e4 c5 2. Nf3 d6 3. d4 cxd4 4. Nxd4 Nf6 5. Nc3 a6 6. f4 e5 7.
Nf3 Qc7 8. a4 Be7 9. Bd3 Nc6 10.
O-O Nb4 11. fxe5 dxe5 12. Bg5 O-O 13. Qe1 Ng4 14. Bxe7 Qxe7 15. h3 Qc5+ 16. Kh1 Ne3 17. Rf2 Be6 18. a5 Nc4 19. Bxc4 Bxc4 20. Na4 Qb5 21.
Nb6 Rad8 22. Nxe5 Qxe5 23. Nxc4 Qc5 24. b3 Nc6 25. Rf5 Qe7 26. e5 Rfe8 27. Qf2 Rd5 28. Rf1 Nxe5 29. Nxe5 Rxe5 30. Rxf7 Qb4 31. c3 Qxb3 32.
Rf8+ 1-0

[Event "*** SCC Grand Prix: Titled Tuesday Blitz"]
[Site "Chess.com"]
[Date "2020.06.02"]
[Round "1"]
[White "Zmeeed63"]
[Black "TregubovP"]
[Result "0-1"]
[WhiteElo "2227"]
[BlackElo "2571"]
[TimeControl "180+1"]
[EndTime "10:06:32 PDT"]
[Termination "TregubovP won by resignation"]

1. d4 Nf6 2. c4 e6 3. Nf3 Bb4+ 4. Bd2 Qe7 5. g3 Bxd2+ 6. Qxd2 Nc6 7. Nc3 d5 8. Bg2 O-O 9. O-O dxc4 10. e4 Rd8 11. Rfd1 Rb8 12. Qe2 b5 13. a3 a6 14. Rd2 Na5 15. Re1 Nb3 16. Rdd1 Bb7 17. h3 h6 18. Qe3 c5 19. dxc5 Nxc5 20. Nd4 Nd3 21. Re2 Qc5 22.
Nc2 Qxe3 23. Nxe3 Rd7 24. Red2 Rbd8 25. e5 Bxg2 26. exf6 Bf3 27. Rf1 gxf6 28. Ng4 Kg7 29. Nh2 Bc6 30. Ng4 f5 31. Ne3 Ne5 32. Rc2 Nf3+ 33.
Kg2 Ne1+ 0-1

[Event "*** SCC Grand Prix: Titled Tuesday Blitz"]
[Site "Chess.com"]
[Date "2020.06.02"]
[Round "1"]
[White "Funkmaus"]
[Black "regular_legs"]
[Result "0-1"]
[WhiteElo "2208"]
[BlackElo "2556"]
[TimeControl "180+1"]
[EndTime "10:06:32 PDT"]
[Termination "regular_legs won by resignation"]

1. d4 e6 2. Nf3 c5 3. c3 Nf6 4.
Bf4 b6 5. e3 Be7 6. Nbd2 O-O 7.
h3 cxd4 8. cxd4 Bb7 9. Bd3 Nc6 10. O-O Rc8 11. Rc1 Nb4 12. Bb1 Rxc1 13. Qxc1 Qa8 14.
a3 Rc8 15. Qd1 Nbd5 16. Bh2 b5 17. Qe2 b4 18. axb4 Nxb4 19. Rd1 Ba6 20. Qe1 Nc2 21. Bxc2 Rxc2 22. Rb1 Qb7 23. b3 Bb4 24. Qd1 Ra2 25.
Ra1 Rxa1 26. Qxa1 h6 27. Bg3 Qc8 28. Qb2 d5 29. Be5 Nd7 30. Bf4 Bd3 31. Ne5 Nxe5 32. Bxe5 Qc2 33. Qxc2 Bxc2 34. Nf3 Bxb3 35. Kf1 f6 36. Bb8 a5 37. Ke2 a4 38. Nd2 Bc2 0-1

[Event "*** SCC Grand Prix: Titled Tuesday Blitz"]
[Site "Chess.com"]
[Date "2020.06.02"]
[Round "1"]
[White "Chessmatus"]
[Black "Shushik"]
[Result "1-0"]
[WhiteElo "2525"]
[BlackElo "2159"]
[TimeControl "180+1"]
[EndTime "10:06:32 PDT"]
[Termination "Chessmatus won by resignation"]

1. e4 e5 2. Nf3 Nc6 3. Bb5 Nf6 4. d3 d6 5. O-O a6 6. Ba4 b5 7. Bb3 Na5 8. Nbd2 Be7 9. c3 c5 10. Bc2 Nc6 11. h3 h6 12. Re1 g5 13. Nf1 g4 14. hxg4 Bxg4 15. a4 b4 16. a5 h5 17.
Ba4 Bd7 18. d4 Rg8 19. dxc5 dxc5 20. Bg5 Qc7 21. Bxf6 Bxf6 22. Ne3 h4 23. Nd5 Qd8 24. Nb6 Rb8 25. Nxd7 Qxd7 26. Qd5 Qh3 27. Bxc6+ Kf8 28. Qd6+ Be7 29. Qxb8+ Kg7 30. Qxg8+ Kxg8 31. gxh3 1-0

[Event "*** SCC Grand Prix: Titled Tuesday Blitz"]
[Site "Chess.com"]
[Date "2020.06.02"]
[Round "1"]
[White "AsaHoffmann"]
[Black "amelia91"]
[Result "1-0"]
[WhiteElo "2468"]
[BlackElo "1945"]
[TimeControl "180+1"]
[EndTime "10:06:32 PDT"]
[Termination "AsaHoffmann won on time"]

1. d4 Nf6 2. Bg5 Ne4 3. Bf4 c5 4. f3 Qa5+ 5. c3 Nf6 6. d5 d6 7. e4 g6 8. Qd2 Bg7 9. Na3 O-O 10. Bh6 Bxh6 11. Qxh6 e6 12. Nc4 Qc7 13. dxe6 Bxe6 14. O-O-O d5 15. exd5 Nxd5 16. h4 Nc6 17. h5 Qf4+ 18.
Qxf4 Nxf4 19. hxg6 fxg6 20. g3 Nd5 21. f4 b5 22. Nd6 a6 23. Bh3 Bxh3 24. Nxh3 Ne3 25. Rde1 Nf5 26. Nxf5 Rxf5 27. Ng5 h5 28. Re6 Na5 29.
Rxg6+ Kf8 30. Rxh5 Re8 31. Rh8+ Ke7 32. Rg7+ Kd8 33. Nf7+ 1-0

[Event "*** SCC Grand Prix: Titled Tuesday Blitz"]
[Site "Chess.com"]
[Date "2020.06.02"]
[Round "1"]
[White "Bigfish1995"]
[Black "Nafania1"]
[Result "1-0"]
[WhiteElo "3010"]
[BlackElo "2450"]
[TimeControl "180+1"]
[EndTime "10:06:33 PDT"]
[Termination "Bigfish1995 won by resignation"]

1. e4 e6 2. d4 d5 3. Nc3 h6 4. a3 Nf6 5. e5 Nfd7 6. f4 c5 7. Nf3 Nc6 8. Be3 Be7 9. Qd2 cxd4 10. Nxd4 g5 11. Nf3 g4 12. Nd4 Nc5 13. b4 Ne4 14. Nxe4 dxe4 15. Nxc6 Qxd2+ 16. Kxd2 bxc6 17. Be2 f5 18. exf6 Bxf6 19. Rad1 e5 20. f5 h5 21. h3 g3 22. Kc3 h4 23. Rd6 Kf7 24. Bc4+ Kg7 25. Rxc6 Bxf5 26. Rc7+ Kg6 27. Bf7+ Kg7 28.
Be8+ Kg8 29. Bc6 Rd8 30. Rf1 Rh5 31. b5 Rd4 32. Rxa7 Kf8 33. b6 Bd8 34. b7 1-0

[Event "*** SCC Grand Prix: Titled Tuesday Blitz"]
[Site "Chess.com"]
[Date "2020.06.02"]
[Round "1"]
[White "sopo-tereladze"]
[Black "NewBornNow"]
[Result "1/2-1/2"]
[WhiteElo "2353"]
[BlackElo "2690"]
[TimeControl "180+1"]
[EndTime "10:06:33 PDT"]
[Termination "Game drawn by agreement"]

1. e4 d6 2. Nf3 Nf6 3. Nc3 e5 4. d4 Nbd7 5. Bc4 Be7 6. O-O O-O 7. Re1 c6 8. a4 a5 9. h3 exd4 10. Nxd4 Nc5 11. b3 Be6 12. Bxe6 fxe6 13. Ba3 Nfd7 14. Qe2 Bf6 15. Rad1 Kh8 16. Qe3 Bg5 17. Qe2 Qf6 18.
Nf3 Qxc3 19. Nxg5 Qf6 20. Nf3 d5 21. exd5 exd5 22. c4 dxc4 23. Qxc4 b6 24. Qc2 Qf7 25. Re3 h6 26. Bb2 Rfe8 27. Rde1 Rxe3 28. Rxe3 Re8 29. Rxe8+ Qxe8 30. Qc3 Qf7 31. Nd4 Ne5 32. Qg3 Ncd3 33. Nxc6 Nxc6 34. Qxd3 1/2-1/2

[Event "*** SCC Grand Prix: Titled Tuesday Blitz"]
[Site "Chess.com"]
[Date "2020.06.02"]
[Round "1"]
[White "Rish_97"]
[Black "lucachess49"]
[Result "1-0"]
[WhiteElo "2636"]
[BlackElo "2238"]
[TimeControl "180+1"]
[EndTime "10:06:33 PDT"]
[Termination "Rish_97 won by resignation"]

1. e4 e5 2. Nf3 Nc6 3. Bb5 a6 4.
Ba4 Nf6 5. O-O Be7 6. Re1 b5 7. Bb3 d6 8. c3 O-O 9. d4 Bg4 10. d5 Na5 11. Bc2 c6 12. h3 Bh5 13. dxc6 Nxc6 14.
Nbd2 Qc7 15. Nf1 h6 16. Ng3 Bg6 17. Nh4 Bh7 18. Ngf5 Bxf5 19. Nxf5 Nh7 20. Qg4 Bg5 21. h4 Nf6 22. Qg3 Nh5 23. Qf3 Bxc1 24. Raxc1 Nf4 25. Qg4 g6 26. g3 Ne6 27. Nxh6+ Kh7 28. Nf5 Rg8 29.
Ne3 Qe7 30. Rcd1 Rad8 31. Bb3 Na5 32. Nd5 Qb7 33. Nf6+ Kg7 34. Nxg8 Rxg8 35. Bxe6 fxe6 36.
Rxd6 Nc4 37. Rxe6 Rf8 38. Qxg6+ 1-0

[Event "*** SCC Grand Prix: Titled Tuesday Blitz"]
[Site "Chess.com"]
[Date "2020.06.02"]
[Round "1"]
[White "arminmusovic"]
[Black "HElissalt"]
[Result "0-1"]
[WhiteElo "2524"]
[BlackElo "2219"]
[TimeControl "180+1"]
[EndTime "10:06:33 PDT"]
[Termination "HElissalt won by resignation"]

1. a3 e5 2. Nc3 d5 3. d4 e4 4.
Bf4 c6 5. e3 f5 6. Nge2 Nf6 7. h3 Na6 8. Ng3 g6 9. Be2 Nc7 10. O-O Ne6 11. Be5 Bd6 12. Bxd6 Qxd6 13. Na4 O-O 14. Rc1 b5 15. Nc3 f4 16. exf4 Nxf4 17.
Re1 Bxh3 18. Bf1 Bd7 19. Nce2 Ng4 20. Qd2 Nxe2+ 21. Rxe2 Rxf2 22. Rxf2 Qxg3 23. Qf4 Qxf2+ 24. Qxf2 Nxf2 25. Kxf2 Rf8+ 26. Ke3 Bg4 27. b3 Rb8 28. c4 bxc4 29. bxc4 g5 30. cxd5 cxd5 31. Rc7 Rb3+ 32.
Kd2 Rxa3 33. Bb5 e3+ 34. Kc2 Ra2+ 35. Kb3 Rxg2 36. Rxa7 Bf3 37. Kb4 e2 38. Ra1 Rg4 39. Kc5 Re4 40. Re1 Re3 41. Bc6 h5 42. Bxd5+ Bxd5 43. Kxd5 h4 44. Kc4 h3 45. d5 h2 46. Kd4 h1=Q 47.
Rxh1 e1=Q 48. Rh8+ 0-1

[Event "*** SCC Grand Prix: Titled Tuesday Blitz"]
[Site "Chess.com"]
[Date "2020.06.02"]
[Round "1"]
[White "malandragem"]
[Black "Parhamov"]
[Result "1/2-1/2"]
[WhiteElo "2466"]
[BlackElo "3077"]
[TimeControl "180+1"]
[EndTime "10:06:35 PDT"]
[Termination "Game drawn by repetition"]

1. a3 c5 2. Nf3 d6 3. e3 e5 4. b4 e4 5. Ng1 Nf6 6. Bb2 Be7 7. f4 O-O 8. d3 Nc6 9. b5 Na5 10. Nc3 exd3 11. Bxd3 d5 12. Nf3 a6 13. a4 axb5 14. axb5 b6 15. O-O Bb7 16. Ne5 Nd7 17. Ne2 Nxe5 18.
fxe5 Nc4 19. Rxa8 Qxa8 20. Bxc4 dxc4 21. Nf4 Be4 22. Qg4 Bg6 23. h4 Qe4 24. e6 c3 25.
Bxc3 Qxe3+ 26. Kh1 Qxc3 27. Nd5 Qxc2 28. Nxe7+ Kh8 29.
h5 Bxh5 30. Qxh5 Qe4 31. Rxf7 Rxf7 32. Qxf7 Qe1+ 33. Kh2 Qh4+ 34. Kg1 Qe1+ 35. Qf1 Qe3+ 36. Qf2 Qc1+ 37. Qf1 Qe3+ 38. Qf2 Qc1+ 39. Qf1 Qe3+ 1/2-1/2

[Event "*** SCC Grand Prix: Titled Tuesday Blitz"]
[Site "Chess.com"]
[Date "2020.06.02"]
[Round "1"]
[White "Sethu0025"]
[Black "Ceejay271"]
[Result "1-0"]
[WhiteElo "2805"]
[BlackElo "2401"]
[TimeControl "180+1"]
[EndTime "10:06:35 PDT"]
[Termination "Sethu0025 won by resignation"]

1. d4 Nf6 2. c4 e6 3. Nf3 d5 4. Nc3 Be7 5. Bf4 O-O 6. e3 Nbd7 7. Be2 c6 8. O-O b6 9. h3 Bb7 10. Rc1 Re8 11. a3 Nf8 12. Bh2 Ng6 13. cxd5 exd5 14. Ne5 Nxe5 15. dxe5 Nd7 16. e4 d4 17. Qxd4 Bc5 18.
Qd1 Nxe5 19. Qc2 Ng6 20. Kh1 Bd4 21. f4 Bxc3 22. bxc3 c5 23. Bf3 Nh4 24. Rcd1 Qe7 25. Rfe1 Nxf3 26. gxf3 Rad8 27. Kg2 f5 28. Qb3+ Kh8 29.
e5 h6 30. Qc2 Qe6 31. c4 Qg6+ 32.
Bg3 Qh5 33. Qc3 Bc6 34. Rxd8 Rxd8 35. e6 Re8 36. e7 Qf7 37. Bh4 Kh7 38. Re5 g5 39.
fxg5 Rxe7 40. Rxe7 1-0

[Event "*** SCC Grand Prix: Titled Tuesday Blitz"]
[Site "Chess.com"]
[Date "2020.06.02"]
[Round "1"]
[White "elohunter1999"]
[Black "m-garcett"]
[Result "1-0"]
[WhiteElo "2494"]
[BlackElo "2051"]
[TimeControl "180+1"]
[EndTime "10:06:35 PDT"]
[Termination "elohunter1999 won by resignation"]

1. e4 c5 2. Nf3 d6 3. d4 cxd4 4. Nxd4 Nf6 5. Nc3 a6 6. Be3 e6 7. f3 b5 8. Qd2 Nbd7 9. g4 Nb6 10. a4 b4 11. Na2 a5 12. c3 bxc3 13. Nxc3 Nfd7 14.
Bb5 Bb7 15. O-O Rc8 16. Qf2 Be7 17. Rad1 O-O 18. Qg3 Ne5 19. f4 Nec4 20. Bc1 Bh4 21. Qh3 Bf6 22. g5 Bxd4+ 23. Rxd4 Qc7 24. Rd3 Qc5+ 25.
Rf2 e5 26. f5 d5 27. Qh4 dxe4 28. Rh3 h6 29. gxh6 g6 30. Qf6 1-0

[Event "*** SCC Grand Prix: Titled Tuesday Blitz"]
[Site "Chess.com"]
[Date "2020.06.02"]
[Round "1"]
[White "artooon"]
[Black "dolynachess"]
[Result "1-0"]
[WhiteElo "2730"]
[BlackElo "2375"]
[TimeControl "180+1"]
[EndTime "10:06:36 PDT"]
[Termination "artooon won on time"]

1. e4 c5 2. Nf3 d6 3. d4 cxd4 4.
Nxd4 Nf6 5. Nc3 a6 6. h3 e5 7.
Nde2 h5 8. g3 Be6 9. Bg2 Nbd7 10. Nd5 Bxd5 11. exd5 Qc7 12. O-O b5 13. a4 b4 14. c3 bxc3 15. Nxc3 Be7 16. Be3 O-O 17. Na2 Rfc8 18. Nb4 Nb8 19. Rc1 Qb7 20. Rxc8+ Qxc8 21. Qd2 Nbd7 22. Rc1 Qb7 23. Nc6 Bf8 24. b4 g6 25. Na5 Qb8 26. Bf1 Nb6 27. Nc6 Qb7 28. Bg5 Bg7 29. a5 Nbxd5 30. Bg2 Qb5 31. Bxf6 Nxf6 32. Ne7+ Kf8 33. Nxg6+ fxg6 34. Qxd6+ Kg8 35. Bxa8 Kh7 36. Bg2 e4 37. Bf1 Qg5 38. h4 Qg4 39.
Qf4 Qe6 40. Rc7 Kh8 41. Bc4 1-0

[Event "*** SCC Grand Prix: Titled Tuesday Blitz"]
[Site "Chess.com"]
[Date "2020.06.02"]
[Round "1"]
[White "Reality-Stone"]
[Black "picturesquecheck"]
[Result "0-1"]
[WhiteElo "2493"]
[BlackElo "2126"]
[TimeControl "180+1"]
[EndTime "10:06:36 PDT"]
[Termination "picturesquecheck won by checkmate"]

1. d4 Nf6 2. c4 e6 3. g3 d5 4. Nf3 Bb4+ 5. Bd2 Be7 6. Bg2 O-O 7. O-O b6 8. cxd5 exd5 9. Nc3 Bb7 10. Bf4 Nbd7 11.
Qb3 c5 12. Rfd1 Rc8 13. Ne5 cxd4 14. Rxd4 Nc5 15. Qd1 Ne6 16. Rd3 Nxf4 17. gxf4 Bc5 18.
e3 Qe7 19. Kh1 Rfd8 20. Nb5 Ne4 21. Qf3 f6 22. Ng4 h5 23. Nh6+ gxh6 24. Rg1 Kh7 25. Bh3 d4 26. Rg2 dxe3 27. Bf5+ Kh8 28. Qxh5 Nxf2+ 29. Kg1 Nh3+ 30. Qxh3 e2+ 31. Re3 e1=Q# 0-1

[Event "*** SCC Grand Prix: Titled Tuesday Blitz"]
[Site "Chess.com"]
[Date "2020.06.02"]
[Round "1"]
[White "ShahMatKanal"]
[Black "QueenOfTactics90"]
[Result "1-0"]
[WhiteElo "2470"]
[BlackElo "1966"]
[TimeControl "180+1"]
[EndTime "10:06:36 PDT"]
[Termination "ShahMatKanal won by resignation"]

1. d4 Nf6 2. c4 e6 3. a3 d5 4.
cxd5 exd5 5. Nc3 c6 6. Bg5 Bf5 7. e3 h6 8. Bh4 Be7 9. Bd3 Bg6 10. Nge2 O-O 11. O-O Nbd7 12. Nf4 Bxd3 13. Nxd3 Ne4 14. Nxe4 dxe4 15. Bxe7 Qxe7 16. Nf4 g5 17. Ne2 f5 18. Qb3+ Kg7 19. Qxb7 Rab8 20. Qxc6 Rxb2 21. Nc3 Nf6 22. Rab1 Rfb8 23. Rxb2 Rxb2 24. Nd5 Nxd5 25. Qxd5 Kf6 26. Rc1 Rb6 27. h4 gxh4 28. Rc5 Qe6 29. Qd8+ Kg6 30. Qxh4 Rb1+ 31. Kh2 Qd6+ 32. g3 Rb2 33. Kg2 Qa6 34. Rxf5 Rb5 35. Qh5+ Kg7 36. Rxb5 1-0

[Event "*** SCC Grand Prix: Titled Tuesday Blitz"]
[Site "Chess.com"]
[Date "2020.06.02"]
[Round "1"]
[White "Salem-AR"]
[Black "Tsyhanchuk_Stanislav"]
[Result "1-0"]
[WhiteElo "3048"]
[BlackElo "2455"]
[TimeControl "180+1"]
[EndTime "10:06:37 PDT"]
[Termination "Salem-AR won on time"]

1. Nf3 c5 2. g3 Nf6 3. Bg2 g6 4. b3 Bg7 5. Bb2 O-O 6. c4 Nc6 7. O-O e6 8. d4 cxd4 9. Nxd4 d5 10. cxd5 exd5 11. Nxc6 bxc6 12. Nc3 Re8 13. Rc1 Bf5 14. Na4 Rc8 15. e3 Be4 16. Bh3 Rc7 17. Nc5 Bf5 18. Bxf5 gxf5 19. Qf3 Qc8 20. Bxf6 Bxf6 21. Rc2 d4 22. exd4 Bxd4 23. Rd1 Bg7 24. Kg2 Rce7 25.
Rd6 f4 26. Qxf4 Be5 27. Qg5+ Kh8 28. Rd3 f6 29. Qh5 Rg8 30. Ne4 Qe6 31. Qf3 f5 32. Nc5 Qg6 33. Re2 f4 34. Rd7 1-0

[Event "*** SCC Grand Prix: Titled Tuesday Blitz"]
[Site "Chess.com"]
[Date "2020.06.02"]
[Round "1"]
[White "vladislavkovalev"]
[Black "JesseKraai"]
[Result "1-0"]
[WhiteElo "2870"]
[BlackElo "2426"]
[TimeControl "180+1"]
[EndTime "10:06:37 PDT"]
[Termination "vladislavkovalev won by resignation"]

1. e4 e6 2. d4 d5 3. Bd3 c5 4. exd5 exd5 5. Nf3 Nc6 6. O-O c4 7. Re1+ Be7 8. Bf1 Nf6 9. b3 cxb3 10. axb3 O-O 11. h3 h6 12. c4 Be6 13. Nc3 a6 14. Ba3 Bxa3 15. Rxa3 Re8 16. c5 Qc7 17. Ra4 Rad8 18. b4 Bd7 19. Rxe8+ Rxe8 20. b5 axb5 21. Nxb5 Qb8 22. Nd6 Rd8 23. Ra2 Qc7 24. Rb2 Rb8 25. Rb6 Ne7 26. Ne5 Nc8 27. Nxc8 Rxc8 28. Qb3 Bc6 29. Bb5 Ra8 30. Bxc6 bxc6 31. Rxc6 Qa5 32.
Qb7 Rf8 33. Rc8 Rxc8 34. Qxc8+ Kh7 35. Qf5+ Kg8 36. c6 Qc3 37. g3 1-0